 Dungeon Crawl Stone Soup version 0.32-a0-868-g153ae1a8d6 (webtiles) character file.

Game seed: 3741336467472602023

1936 Pooter the Cleaver (level 8, -2/73 HPs)
             Began as a Minotaur Berserker on Mar 28, 2024.
             Was an Elder of Trog.
             Slain by a killer bee (3 damage)
             ... on level 6 of the Dungeon.
             The game lasted 00:25:56 (6792 turns).

Pooter the Cleaver (Minotaur Berserker)             Turns: 6792, Time: 00:25:57

Health: -2/73      AC: 14    Str: 23    XL:     8   Next: 97%
Magic:  7/7        EV:  6    Int:  4    God:    Trog [****..]
Gold:   1035       SH:  0    Dex: 11    Spells: 7/7 levels left

rFire   . . .        a - +0 morningstar
rCold   . . .        (no shield)
rNeg    . . .        v - +0 plate armour {Will+}
rPois   .            (helmet restricted)
rElec   .            (no cloak)
rCorr   .            h - +2 pair of gloves
SInv    .            (no boots)
Will    +....        (no amulet) Stlth
                     (no ring)
HPRegen 0.32/turn    (no ring)
MPRegen 0.10/turn

%: no passive effects
@: brilliant, lethally poisoned (-2 -> -11), on berserk cooldown, slowed, very
slow
A: horns 2, retaliatory headbutt
a: Renounce Religion, Berserk, Trog's Hand, Brothers in Arms


You were on level 6 of the Dungeon.
You worshipped Trog.
Trog was greatly pleased with you.
You visited 1 branch of the dungeon, and saw 7 of its levels.
You also visited: Sewer.

You collected 1035 gold pieces.

Inventory:

Hand Weapons
 a - a +0 morningstar (weapon)
   (You took it off an orc on level 6 of the Dungeon)
 b - a +6 orcbow of freezing
   (You found it on level 6 of the Dungeon)
 l - a +0 hand axe
Missiles
 e - 23 poisoned darts (quivered)
 g - 2 boomerangs
 Q - 64 stones
Armour
 h - a +2 pair of gloves (worn)
   (You found it on level 5 of the Dungeon)
 v - a +0 plate armour of willpower (worn)
   (You found it on level 5 of the Dungeon)
Jewellery
 q - a +6 ring of intelligence
   (You found it on level 4 of the Dungeon)
Wands
 u - a wand of paralysis (2)
   (You took it off a kobold on level 4 of the Dungeon)
 w - a wand of mindburst (5)
   (You found it on level 5 of the Dungeon)
Scrolls
 d - 2 scrolls of silence
 f - 3 scrolls of vulnerability {!r}
 i - a scroll of amnesia {unknown}
 s - a scroll of fear
 t - a scroll of teleportation {@r4}
 x - a scroll of revelation
 y - a scroll of noise {!r}
Potions
 c - a potion of enlightenment {unknown}
 j - 3 potions of curing {unknown}
 k - a potion of degeneration {unknown}
 m - a potion of magic {unknown}
 n - 2 potions of cancellation
 o - a potion of invisibility {unknown}
 p - 2 potions of brilliance
 r - a potion of berserk rage {unknown}
 z - a potion of resistance {unknown}


   Skills:
 + Level 7.1 Fighting
 * Level 9.5(9.6) Axes
 + Level 2.3(6.4) Maces & Flails
 * Level 7.2 Ranged Weapons
 - Level 2.2 Throwing
 - Level 2.4 Armour
 - Level 2.1 Dodging


You had 7 spell levels left.
You didn't know any spells.
Your spell library was empty.

Dungeon Overview and Level Annotations

Branches:
Dungeon (7/15) Zot: 26955  Temple (0/1) D:4           Sewer (visited)

Altars:
Dithmenos
Sif Muna
Trog
Uskayaw
The Shining One

Annotations:
D:3 1 runed translucent door, Crazy Yiuf
D:7 Maggie, Prince Ribbit


Innate Abilities, Weirdness & Mutations

You have a pair of horns on your head.
You reflexively headbutt those who attack you in melee.


Message History

The killer bee closely misses you. You furiously retaliate!
You headbutt the killer bee!
The killer bee stings you but does no damage. x2
You closely miss the killer bee.
You feel very sick. The killer bee stings you! x2
* * * LOW HITPOINT WARNING * * *
You are more poisoned.
The killer bee poisons you!
The killer bee stings you but does no damage. x4
You feel very sick.
The killer bee stings you but does no damage. x2
The killer bee stings you.
* * * LOW HITPOINT WARNING * * *
You climb upwards.
You feel a strong urge to attack something.
You are no longer berserk.
You are exhausted.
You feel yourself slow down.
You feel very sick.
There is a stone staircase leading down here.
You miss the killer bee. Your headbutt misses the killer bee.
You feel very sick.
The killer bee stings you but does no damage. x4
The killer bee closely misses you. The killer bee stings you.
* * * LOW HITPOINT WARNING * * *
The killer bee stings you but does no damage. x4
The killer bee stings you.
* * * LOW HITPOINT WARNING * * *
The killer bee completely misses you.
You miss the killer bee.
You feel very sick.
The killer bee stings you but does no damage. x4
The killer bee stings you.
* * * LOW HITPOINT WARNING * * *
You are lethally poisoned!
The killer bee poisons you! The killer bee barely misses you.
You furiously retaliate!
You headbutt the killer bee.
You kill the killer bee!
Trog accepts your kill. The killer bee stings you.
* * * LOW HITPOINT WARNING * * *
The killer bee stings you but does no damage.
It was a potion of brilliance.
You feel clever all of a sudden.
* * * LOW HITPOINT WARNING * * *
You feel very sick.
The killer bee stings you but does no damage.
The killer bee stings you.
You die...

######.#### #.#
#############.........# #.# ##
#.....................# #.#
.#####.########.......#.##.####.#
....[..# #.##.##.........#.#
.####### ###....####.##.##.#.# .#
#.ß...ß## #.##.##.#.#
.############..y....# #.#...#.#.#
..<.†...........@y..###..###..#.#
#####.#######...†...#....# #....#
#.# #...ß..##.##.###..### #.#
###...###.......#.# #.# #...#
######.##.# #.# ##..## #..##.# #
#####.### #.#.# #..##.###
........# ##.## #...#....
#####.#.# #.# #.#.#####


You could see 2 killer bees.

Vanquished Creatures
  Grinder (D:6)
  Duvessa (D:5)
  An ice beast (D:6)
  2 centaurs
  A phantom (D:6)
  A kobold brigand (Sewer)
  A gnoll sergeant (D:5)
  4 scorpions
  A bullfrog (D:6)
  Dowan (D:5)
  6 killer bees
  3 jellies
  A hound (D:5)
  4 iguanas
  A sleepcap (D:6)
  An orc wizard (D:6)
  5 gnolls (D:5)
  5 river rats
  6 adders
  A shadow imp (D:6)
  3 white imps
  5 dart slugs
  4 ribbon worms
  13 orcs
  11 ball pythons
  6 bats
  3 endoplasms
  11 giant cockroaches
  2 goblins
  4 hobgoblins
  24 kobolds
  6 quokkas
  3 frilled lizards
  24 rats
166 creatures vanquished.

Notes
Turn   | Place    | Note
-------+----------+-------------------------------------------
     0 | D:1      | Pooter the Minotaur Berserker began the quest for the Orb.
     0 | D:1      | Reached XP level 1. HP: 19/19 MP: 0/0
   111 | D:1      | Reached skill level 1 in Throwing
   111 | D:1      | Reached XP level 2. HP: 27/27 MP: 1/1
   183 | D:1      | Reached skill level 4 in Axes
   596 | D:1      | Reached XP level 3. HP: 23/33 MP: 2/2
   650 | D:1      | You fall into a shaft and drop 1 floor!
   930 | D:2      | Reached ** piety under Trog
  1813 | D:2      | Reached XP level 4. HP: 38/40 MP: 3/3
  2176 | D:3      | Found a glowing drain.
  2185 | D:3      | Reached skill level 5 in Axes
  2220 | Sewer    | Entered a sewer
  2337 | Sewer    | Reached skill level 1 in Ranged Weapons
  2416 | Sewer    | Reached XP level 5. HP: 41/47 MP: 4/4
  3150 | Sewer    | Reached *** piety under Trog
  3365 | D:3      | Identified a scroll of acquirement
  3366 | D:3      | Acquired 741 gold pieces
  3377 | D:3      | Found a shimmering blue altar of Sif Muna.
  3436 | D:3      | Found a shadowy altar of Dithmenos.
  3606 | D:3      | Found a runed translucent door.
  3607 | D:3      | Noticed Crazy Yiuf
  3780 | D:3      | Reached XP level 6. HP: 52/55 MP: 5/5
  3806 | D:3      | Found a glowing golden altar of the Shining One.
  4334 | D:4      | Found a staircase to the Ecumenical Temple.
  4638 | D:4      | Reached skill level 5 in Fighting
  4638 | D:4      | Reached skill level 6 in Axes
  4792 | D:5      | Entered Level 5 of the Dungeon
  4900 | D:5      | Found a hide-covered altar of Uskayaw.
  5036 | D:5      | Reached XP level 7. HP: 55/61 MP: 6/6
  5048 | D:5      | Reached skill level 7 in Axes
  5280 | D:5      | Reached **** piety under Trog
  5432 | D:5      | Noticed Dowan
  5464 | D:5      | Killed Dowan
  5541 | D:5      | Noticed Duvessa
  5561 | D:5      | Killed Duvessa
  5562 | D:5      | Reached skill level 5 in Ranged Weapons
  5562 | D:5      | Upgraded the game from 0.32-a0-859-gb0a091d592 to
                  | 0.32-a0-868-g153ae1a8d6
  5875 | D:6      | Reached skill level 8 in Axes
  5875 | D:6      | Reached XP level 8. HP: 70/70 MP: 7/7
  6297 | D:6      | Noticed Grinder
  6308 | D:6      | Killed Grinder
  6309 | D:6      | Reached skill level 9 in Axes
  6309 | D:6      | Reached skill level 1 in Maces & Flails
  6561 | D:6      | Found a bloodstained altar of Trog.
  6748 | D:7      | Noticed Prince Ribbit
  6748 | D:7      | Noticed Maggie
  6792 | D:6      | HP: 1/73 [poisoned by a killer bee]
  6792 | D:6      | Slain by a killer bee

Illustrated notes

Levels and vault maps discovered:
D:1:      dpeg_arrival_prison, layout_loops_cross
D:2:      layout_basic, kennysheep_doodads
D:3:      layout_loops_ring, nicolae_tso_carved_into_rock,
          mainiacjoe_overflow_surrounded_room, nicolae_sif_muna_condensation,
          gup_sewer_entry_bubbles, uniq_crazy_yiuf_cottage
D:4:      layout_basic, minmay_temple_entry_mini_moons
D:5:      layout_basic, mainiacjoe_overflow_tiny_flanked, uniq_duvessa
D:6:      layout_loops_ring, kennysheep_mini_moat, grunt_ministairs_1,
          minmay_checkerbox, uniq_grinder
D:7:      layout_cave_pools, nicolae_overflow_crystal_walls,
          uniq_prince_ribbit1, uniq_maggie

Skill      XL: |  1  2  3  4  5  6  7  8 |
---------------+-------------------------+-----
Throwing       | 1 2 |  2.2
Axes           | 4 5 6 8 9 |  9.5
Fighting       | 4 5 6 7 |  7.1
Ranged Weapons | 1 2 3 5 7 |  7.2
Maces & Flails | 2 |  2.3
Armour         | |  2.4
Dodging        | |  2.1

Action                     |  1- 3 |  4- 6 |  7- 9 || total
---------------------------+-------+-------+-------++-------
  Melee: Hand axe          |    85 |   119 |    74 ||   278
         Headbutt          |    21 |    22 |    22 ||    65
         Morningstar       |       |       |    31 ||    31
   Fire: Sling             |    13 |       |       ||    13
         Orcbow            |       |    76 |    17 ||    93
  Throw: Dart              |       |     2 |     4 ||     6
 Invoke: Berserk           |       |     3 |     3 ||     6
         Trog's Hand       |       |     1 |     2 ||     3
  Evoke: Wand              |       |     4 |     5 ||     9
    Use: Scroll            |       |     7 |     2 ||     9
         Potion            |       |       |     1 ||     1
   Stab: Sleeping          |     1 |       |       ||     1
         Paralysed         |       |     6 |     7 ||    13
 Armour: Animal skin       |    41 |       |       ||    41
         Scale mail        |    13 |    83 |    15 ||   111
         Plate armour      |       |       |   135 ||   135
  Dodge: Dodged            |    32 |    71 |    54 ||   157

Table legend: (Time is in decaauts)
 A = Elapsed time spent in this place.
 B = Non-inter-level travel time spent in this place.
 C = Inter-level travel time spent in this place.
 D = Time resting spent in this place.
 E = Time spent auto-exploring this place.
 F = Levels seen in this place.
 G = Mean time per level.
                   A        B        C        D        E       F      G
               +--------+--------+--------+--------+--------+-----+--------+
         Total |   6922 |   6777 |    145 |   1569 |   4008 |   8 |  865.2 |
       Dungeon |   5753 |   5608 |    145 |    916 |   3682 |   7 |  821.9 |
         Sewer |   1168 |   1168 |      0 |    652 |    326 |   1 | 1168.0 |
               +--------+--------+--------+--------+--------+-----+--------+

Top non-repeatable levels by time:
     D:2: 1260 daAuts
   Sewer: 1168 daAuts
     D:3: 1143 daAuts
     D:6: 1070 daAuts
     D:5: 930 daAuts
     D:1: 780 daAuts
     D:4: 556 daAuts
     D:7: 12 daAuts
